 Dungeon Crawl Stone Soup version 0.22-a0-425-g89d60a1 (webtiles) character file.

238 raistware the Magician (level 5, -2/35 HPs)
             Began as a Mummy Wizard on May 23, 2018.
             Killed from afar by Natasha (7 damage)
             ... with a magic dart
             ... on level 3 of the Dungeon on May 24, 2018.
             The game lasted 00:11:43 (3723 turns).

raistware the Magician (Mummy Wizard)               Turns: 3723, Time: 00:11:44

Health: -2/35      AC:  6    Str: 11    XL:     5   Next: 78%
Magic:  0/11       EV: 12    Int: 18    God:
Gold:   129        SH:  0    Dex: 10    Spells: 1/12 levels left

rFire    x . .     SeeInvis .   n - +0 mace (curse)
rCold    + . .     Gourm    .   (no shield)
rNeg     + + +     Faith    .   a - +0 robe
rPois    ∞         Spirit   .   b - +0 hat
rElec    .         Reflect  .   (no cloak)
rCorr    .         Harm     .   (no gloves)
MR       .....                  g - +0 pair of boots
Stlth    ++........             (no amulet)
HPRegen  0.11/turn              p - ring of flight
MPRegen  0.12/turn              l - +3 ring of protection

@: very slightly contaminated
A: no food or potions, fire vulnerability, cold resistance 1, negative energy
resistance 3, torment resistance, unbreathing
a: Evoke Flight


You were on level 3 of the Dungeon.
You were not hungry.

You visited 1 branch of the dungeon, and saw 3 of its levels.

You collected 129 gold pieces.

Inventory:

Hand Weapons
 i - a +0 short sword of freezing
 n - a cursed +0 mace (weapon)
Armour
 a - a +0 robe (worn)
 b - a +0 hat (worn)
 g - a +0 pair of boots (worn)
 o - a +0 shield
Jewellery
 e - an uncursed ring of protection from magic
 h - an uncursed ring of ice
 l - a +3 ring of protection (right hand)
 p - a ring of flight (left hand)
Scrolls
 f - a scroll of fog {unknown}
 j - a scroll of random uselessness {unknown}
 k - a scroll of identify {unknown}
 m - a scroll of enchant armour {unknown}
 q - a scroll of noise {unknown}
 r - a scroll of remove curse {unknown}


   Skills:
 - Level 2.0 Dodging
 + Level 2.4 Stealth
 - Level 4.0 Spellcasting
 + Level 3.7 Conjurations
 - Level 1.0 Summonings
 - Level 1.0 Translocations
 + Level 1.4 Fire Magic


You had one spell level left.
You knew the following spells:

 Your Spells              Type           Power        Failure   Level  Hunger
a - Magic Dart            Conj           ###.         3%          1    N/A
b - Blink                 Tloc           N/A          14%         2    N/A
c - Call Imp              Summ           #.......     14%         2    N/A
d - Conjure Flame         Conj/Fire      ##......     16%         3    N/A
e - Mephitic Cloud        Conj/Pois/Air  #.......     26%         3    N/A

Your spell library contained the following spells:

 Spells                   Type           Power        Failure   Level  Hunger
 Slow                     Hex            #.......     22%         2    N/A

Dungeon Overview and Level Annotations

Branches:
Dungeon (3/15)

Altars:
Makhleb
Trog

Annotations:
D:3 Natasha


Innate Abilities, Weirdness & Mutations

You do not eat or drink.
Your flesh is vulnerable to fire.
You are immune to poison.
Your flesh is cold resistant. (rC+)
You are immune to negative energy. (rN+++)
You are immune to unholy pain and torment.
You can survive without breathing.


Message History

The white imp gestures at you. The puff of frost hits you! You resist.
* * * LOW HITPOINT WARNING * * *
Natasha casts a spell.
The white imp gestures at you. The puff of frost hits you! You resist.
* * * LOW HITPOINT WARNING * * *
The white imp gestures at you. The puff of frost misses you.
You see here the felid corpse of Natasha.
Casting: Magic Dart (safe; 3% risk of failure)
Confirm with . or Enter, or press ? or * to list all spells.
Aiming: Magic Dart (safe; 3% risk of failure)
Press: ? - help, Shift-Dir - straight line, f/p - Natasha
Aim: Natasha (almost dead)
The magic dart hits Natasha.
Natasha is almost dead.
Natasha casts a spell at you. The magic dart hits you!
You die...

#..........# #..........#
#..........# ###########
#.h........# #
#.........######5.........# #
#......%..##......#5###### #
#............######...##
####..........#######5h...##
##..............@†.#....5..####
...#.........#####h#..)......)###
####......<..# #..5.........#.. #
#.........#####.....)..#...#.. #
#....%....h.....#............. #
#######....####†#..........##.
#######...####............##.
##...[...........#.........#..
..........S.....###).......#.#


You could see Natasha and a white imp.

Vanquished Creatures
  A hound (D:2)
  2 orc priests (D:3)
  Natasha (twice) (D:3)
  3 adders
  A worm (D:2)
  4 dart slugs
  3 leopard geckos
  3 orcs (D:3)
  3 giant cockroaches
  3 goblins
  8 hobgoblins
  3 jackals (D:1)
  2 quokkas
  2 ball pythons (D:3)
  8 bats
  5 frilled lizards
  5 kobolds
  9 rats
67 creatures vanquished.

Notes
Turn   | Place    | Note
-------+----------+-------------------------------------------
     0 | D:1      | raistware the Mummy Wizard began the quest for the Orb.
     0 | D:1      | Reached XP level 1. HP: 13/13 MP: 5/5
    42 | D:1      | Reached skill level 1 in Conjurations
   379 | D:1      | Reached XP level 2. HP: 16/19 MP: 1/7
   383 | D:1      | Learned a level 2 spell: Blink
   386 | D:1      | Learned a level 2 spell: Call Imp
  1164 | D:1      | Reached XP level 3. HP: 24/24 MP: 6/8
  1354 | D:1      | Upgraded the game from 0.22-a0-423-g4197694 to 0.22-a0-425-g89d60a1
  2079 | D:2      | Reached XP level 4. HP: 21/30 MP: 1/10
  2303 | D:2      | Learned a level 3 spell: Conjure Flame
  2307 | D:2      | Learned a level 3 spell: Mephitic Cloud
  2586 | D:2      | Found a burning altar of Makhleb.
  2593 | D:2      | Reached skill level 1 in Summonings
  2687 | D:2      | Reached skill level 1 in Translocations
  3073 | D:3      | Reached XP level 5. HP: 14/35 MP: 4/11
  3086 | D:3      | Reached skill level 1 in Fire Magic
  3392 | D:3      | Found a bloodstained altar of Trog.
  3470 | D:3      | Noticed Natasha
  3512 | D:3      | Killed Natasha
  3538 | D:3      | Noticed Natasha
  3602 | D:3      | Killed Natasha
  3668 | D:3      | Noticed Natasha
  3723 | D:3      | Killed from afar by Natasha

Vault maps used:
D:1:      dpeg_arrival_court, minmay_pentomino_s2
D:2:      makhleb_blood_cavern_becter
D:3:      first_ration, trog_three_pillars_becter, uniq_natasha

Skill      XL: |  1  2  3  4  5 |
---------------+----------------+-----
Conjurations   | 1 2 3 |  3.7
Summonings     | 1 |  1.0
Translocations | 1 |  1.0
Stealth        | 2 |  2.4
Dodging        | 2 |  2.0
Fire Magic     | 1 |  1.4
Spellcasting   | |  4.0

Action                   |  1- 3 |  4- 6 || total
-------------------------+-------+-------++-------
Melee: Short sword       |     4 |    20 ||    24
       Unarmed           |     2 |       ||     2
       Mace              |       |    31 ||    31
 Cast: Magic Dart        |   105 |    45 ||   150
       Mephitic Cloud    |       |     3 ||     3
       Conjure Flame     |       |     3 ||     3
  Use: Scroll            |       |     2 ||     2
Armor: Robe              |     8 |    24 ||    32
Dodge: Dodged            |    12 |    60 ||    72
Block: Shield            |       |     1 ||     1

Table legend:
 A = Spawn XP
 B = Non-spawn XP
 C = Spawn XP percentage of total XP
 D = Spawn monster count
 E = Non-spawn monster count
 F = Spawn count percentage of total count
 G = Total turns spent on level
                    A         B        C        D         E        F      G
               +---------+---------+-------+---------+---------+-------+---------
         Total |       0 |     340 |   0.0 |       0 |      67 |   0.0 |  3723
               +---------+---------+-------+---------+---------+-------+---------
           D:1 |       0 |      54 |   0.0 |       0 |      31 |   0.0 |  1654
           D:2 |       0 |     102 |   0.0 |       0 |      17 |   0.0 |  1262
           D:3 |       0 |     184 |   0.0 |       0 |      19 |   0.0 |   807
               +---------+---------+-------+---------+---------+-------+---------
